 Dungeon Crawl Stone Soup version 0.26-a0-244-g083ca260ac (webtiles) character file.

Game seed: 18355992756005504419

160 Notrik the Skirmisher (level 5, -1/50 HPs)
             Began as a Hill Orc Fighter on July 8, 2020.
             Killed by divine providence
             ... invoked by an orc priest
              (10 damage)
             ... on level 3 of the Dungeon.
             The game lasted 00:09:02 (2980 turns).

Notrik the Skirmisher (Hill Orc Fighter)            Turns: 2980, Time: 00:09:03

Health: -1/50      AC: 11    Str: 20    XL:     5   Next: 41%
Magic:  5/5        EV:  3    Int:  8    God:
Gold:   73         SH:  8    Dex: 10    Spells: 4/4 levels left

rFire    . . .     SeeInvis .   a - +0 war axe
rCold    . . .     Faith    .   c - +0 kite shield
rNeg     . . .     Spirit   .   m - +0 plate armour
rPois    .         Reflect  .   (no helmet)
rElec    .         Harm     .   (no cloak)
rCorr    .                      (no gloves)
MR       .....                  (no boots)
Stlth    ..........             (no amulet)
HPRegen  0.16/turn              (no ring)
MPRegen  0.09/turn              (no ring)

@: drained
A: no striking features
a: Convert to Beogh


You were on level 3 of the Dungeon.
You were not hungry.

You visited 1 branch of the dungeon, and saw 3 of its levels.

You collected 73 gold pieces.

Inventory:

Hand Weapons
 a - a +0 war axe (weapon)
 j - a +2 vorpal hand axe
   (You found it on level 1 of the Dungeon)
Missiles
 b - 2 throwing nets (quivered) {!f}
Armour
 c - a +0 kite shield (worn)
 m - a +0 plate armour (worn)
   (You took it off a kobold on level 2 of the Dungeon)
 n - a +0 cloak
   (You found it on level 3 of the Dungeon)
Scrolls
 f - a scroll of identify {unknown}
 g - a scroll of fear {unknown}
 h - a scroll of immolation {unknown}
 k - 3 scrolls of random uselessness {unknown}
 l - a scroll of amnesia {unknown}
Potions
 d - 2 potions of might


   Skills:
 * Level 6.2(5.1) Fighting
 + Level 4.6(3.5) Axes
 - Level 3.2(2.2) Armour
 - Level 3.2(2.2) Shields


You had 4 spell levels left.
You didn't know any spells.
Your spell library was empty.

Dungeon Overview and Level Annotations

Branches:
Dungeon (3/15)

Altars:


Message History

The hobgoblin hits you but does no damage. x2
The orc priest completely misses you.
Your shield and plate armour prevent you from hitting the orc priest.
The orc priest shouts, "Join the one true god or die!"
You hit the hobgoblin but do no damage.
The hobgoblin hits you but does no damage.
The orc priest hits you with a +0 falchion.
* * * LOW HITPOINT WARNING * * *
Your plate armour prevents you from hitting the orc priest.
You closely miss the hobgoblin. You block the hobgoblin's attack.
The orc priest hits you but does no damage.
The hobgoblin barely misses you.
You hit the orc priest. You closely miss the hobgoblin.
The orc priest hits you but does no damage.
The hobgoblin hits you.
* * * LOW HITPOINT WARNING * * *
The orc priest casts a cantrip, but nothing happens.
You feel much better. The hobgoblin completely misses you.
The orc priest shouts, "Beogh is our master!
Accept the truth or die!"
The orc priest hits you with a +0 falchion.
You hit the orc priest. You closely miss the hobgoblin.
You block the hobgoblin's attack.
The orc priest looks braver for a moment.
The hobgoblin hits you but does no damage.
Your shield and plate armour prevent you from hitting the orc priest.
The orc priest shouts, "Surrender to Beogh and we'll let you live!"
You closely miss the hobgoblin.
The orc priest shouts, "Beogh is our master!
Accept the truth or die!"
The orc priest hits you but does no damage.
The hobgoblin hits you.
You closely miss the orc priest. You slash the hobgoblin!
You kill the hobgoblin!
The orc priest calls down the wrath of Beogh upon you.
Pain shoots through your body!
* * * LOW HITPOINT WARNING * * *
The orc priest invokes the aid of Beogh against you.
Pain shoots through your body!
* * * LOW HITPOINT WARNING * * *
You closely miss the orc priest.
The orc priest shouts, "Join the one true god or die!"
You block the orc priest's attack.
Your plate armour prevents you from hitting the orc priest.
The orc priest hits you but does no damage.
The orc priest threatens, "By the altar or by the axe, you will meet Beogh!"
You hit the orc priest.
The orc priest shouts, "Surrender to Beogh and we'll let you live!"
You block the orc priest's attack.
The orc priest mumbles some strange prayers to Beogh against you.
Beogh smites you!
You die...

.. ... #. o.# #. ... #. #K#
#. #.# #. #.# #.#######.####
######### #?@oK..())...#
........###############.##.#
######.............# #(# #
#..##########.# #.# # #..#
#.# #(# ######..# #.# #(#
........# #.# #.#
#######.##########.####.##.#
..# #....................#


You could see an orc priest and a kobold.

Vanquished Creatures
  An orc priest (D:3)
  4 gnolls
  An adder (D:2)
  2 worms (D:2)
  A dart slug (D:2)
  An orc (D:3)
  A ball python (D:2)
  6 bats
  3 giant cockroaches
  10 goblins
  9 hobgoblins
  10 jackals
  10 kobolds
  2 quokkas (D:3)
  2 frilled lizards
  A quokka skeleton (D:3)
  6 rats
70 creatures vanquished.

Notes
Turn   | Place    | Note
-------+----------+-------------------------------------------
     0 | D:1      | Notrik the Hill Orc Fighter began the quest for the Orb.
     0 | D:1      | Reached XP level 1. HP: 19/19 MP: 1/1
   160 | D:1      | Reached skill level 4 in Fighting
   207 | D:1      | Reached XP level 2. HP: 22/27 MP: 2/2
   538 | D:1      | Reached XP level 3. HP: 34/34 MP: 3/3
  1179 | D:2      | Reached skill level 5 in Fighting
  1340 | D:2      | Reached XP level 4. HP: 35/42 MP: 4/4
  2496 | D:2      | Reached XP level 5. HP: 46/50 MP: 5/5
  2929 | D:3      | Reached skill level 6 in Fighting
  2951 | D:3      | HP: 2/50 [orc priest/+0 hand axe (1)]
  2980 | D:3      | Killed from afar by an orc priest

Illustrated notes

Levels and vault maps discovered:
D:1:      eino_arrival_cavern_b, layout_loops_ring
D:2:      layout_loops_ring
D:3:      layout_loops_ring, chequers_serial_rivers_micro_d

Skill      XL: |  1  2  3  4  5 |
---------------+----------------+-----
Fighting       | 4 5 6 |  6.2
Axes           | 3 4 |  4.6
Armour         | |  3.2
Shields        | |  3.2

Action                   |  1- 3 |  4- 6 || total
-------------------------+-------+-------++-------
Melee: War axe           |   167 |   129 ||   296
  Use: Potion            |       |     2 ||     2
  Eat: Ration            |     1 |     2 ||     3
Armor: Scale mail        |    79 |    32 ||   111
       Plate armour      |       |    81 ||    81
Dodge: Dodged            |    50 |    46 ||    96
Block: Kite shield       |    82 |    91 ||   173

Table legend:
 A = Non-vault XP
 B = Vault XP
 C = Vault XP percentage of total XP
 D = Non-vault monster count
 E = Vault monster count
 F = Vault count percentage of total count
                 A         B        C        D         E       F
            +---------+---------+-------+---------+---------+-------
      Total |     229 |       0 |   0.0 |      70 |       0 |   0.0
            +---------+---------+-------+---------+---------+-------
        D:1 |      64 |       0 |   0.0 |      29 |       0 |   0.0
        D:2 |     101 |       0 |   0.0 |      26 |       0 |   0.0
        D:3 |      64 |       0 |   0.0 |      15 |       0 |   0.0
            +---------+---------+-------+---------+---------+-------
